 Dungeon Sprint DCSS version 0.29.1-1-gd02db6906a (webtiles) character file.

Game seed: 184934297515990425

14468 Ofeo the Warrior (level 11, -3/114 HPs)
             Began as a Minotaur Monk on Sept 17, 2022.
             Was the Champion of Wu Jian.
             Killed by the air
             ... invoked by a spriggan air mage
              (8 damage)
             ... in the Dungeon (Sprint V: "Ziggurat Sprint").
             The game lasted 00:07:09 (1233 turns).

Ofeo the Warrior (Minotaur Monk)                    Turns: 1233, Time: 00:07:10

Health: -3/114     AC: 32    Str: 19    XL:     11   Next: 89%
Magic:  10/10      EV:  1    Int:  7    God:    Wu Jian [******]
Gold:   0          SH: 33    Dex: 14    Spells: 10/10 levels left

rFire   + + +      SeeInvis +   J - +14 obsidian axe {vorpal, Mesm Drain Fly SInv}
rCold   + + .      Faith    .   F - +18 shield of the Gong {rElec rN+ Will+ EV-5}
rNeg    + . .      Spirit   .   K - +9 scales of the Dragon King {rPois rF+ rC+ Will+}
rPois   +          Reflect  +   (helmet restricted)
rElec   +          Harm     .   O - +2 cloak {rCorr}
rCorr   +          Rampage  .   (no gloves)
Will    ++...      NoTele   +   (no boots)
Stlth   ..........              Q - amulet "Ponenwywn" {Reflect rF+ SH+5}
HPRegen 0.29/turn               (no ring)
MPRegen 0.12/turn               (no ring)

@: mighty, exhausted, resistant, flying, mesmerised, hasted, studying Short
Blades, very quick
A: horns 2, retaliatory headbutt
a: Renounce Religion, Wall Jump, Serpent's Lash, Heavenly Storm


You were in the Dungeon.
You worshipped Wu Jian.
Wu Jian was exalted by your worship.
You visited 1 branch

Inventory:

Hand Weapons
 a - a +0 mace
 C - the +7 great mace "Firestarter" {inner flame, rF++}
   (You found it in the Dungeon)

   It burns those it strikes, dealing additional fire damage.
   It fills those it strikes with an explosive inner flame.
   It grants immunity to clouds of flame.
   rF:        It greatly protects you from fire.
 D - the +8 lance "Wyrmbane" {slay drac, rPois rF+ rC+ AC+3}
   (You found it in the Dungeon)

   It inflicts extra damage against dragons and draconians.
   AC:        It affects your AC (+3).
   rF:        It protects you from fire.
   rC:        It protects you from cold.
   rPois:     It protects you from poison.
 E - the +6 shillelagh "Devastator" {shatter}
   (You found it in the Dungeon)

   It releases a powerful concussive burst when it strikes, dealing extra damage
   to the target and all other foes adjacent to them.
 J - the +14 obsidian axe (weapon) {vorpal, Mesm Drain Fly SInv}
   (You found it in the Dungeon)

   It inflicts extra damage upon your enemies.
   It occasionally summons demons to assist the wielder when it strikes in
   combat.
   Its wielder is mesmerised by any visible foes.
   It cannot be unequipped while any foes are visible.
   SInv:      It lets you see invisible.
   Fly:       It grants you flight.
   Drain:     It drains your maximum health when unequipped.
Armour
 b - a +0 robe
 F - the +18 shield of the Gong (worn) {rElec rN+ Will+ EV-5}
   (You found it in the Dungeon)

   It is deafeningly noisy when blocking attacks.
   EV:        It affects your evasion (-5).
   rElec:     It insulates you from electricity.
   rN:        It protects you from negative energy.
   Will:      It increases your willpower.
 G - a +3 buckler
 H - a +5 crystal plate armour
 I - +5 gold dragon scales
 K - the +9 scales of the Dragon King (worn) {rPois rF+ rC+ Will+}
   (You found it in the Dungeon)

   rF:        It protects you from fire.
   rC:        It protects you from cold.
   rPois:     It protects you from poison.
   Will:      It increases your willpower.
 O - a +2 cloak of preservation (worn)
Jewellery
 l - a ring of see invisible
 s - a ring of flight
 t - a +6 ring of dexterity
 u - a +6 ring of dexterity
 v - a +6 ring of intelligence
 w - a +6 ring of intelligence
 x - a +6 ring of strength
 y - a +6 ring of strength
 P - an amulet of the acrobat
 Q - the amulet "Ponenwywn" (around neck) {Reflect rF+ SH+5}
   (You found it in the Dungeon)

   [amulet of reflection]

   It reflects blocked missile attacks.
   rF:        It protects you from fire.
   SH:        It affects your SH (+5).
 R - the ring of the Lobster {Ice Str+4}
   (You found it in the Dungeon)

   [ring of ice]

   It enhances your ice magic.
   Str:       It affects your strength (+4).
   rF:        It makes you vulnerable to fire.
   rC:        It protects you from cold.
Wands
 z - a wand of mindburst (7)
 A - a wand of light (7)
Scrolls
 i - 5 scrolls of identify {@r1}
 n - 4 scrolls of amnesia
 o - 7 scrolls of butterflies
 p - 4 scrolls of blinking {@r4}
 r - 2 scrolls of fear
 N - 2 scrolls of enchant armour
Potions
 c - a potion of ambrosia
 d - 2 potions of brilliance
 e - 3 potions of berserk rage
 f - 4 potions of haste {@q3}
 g - 7 potions of magic
 h - 8 potions of heal wounds {@q2}
 j - 2 potions of invisibility
 k - 2 potions of resistance {@q6}
 m - 4 potions of might {@q4}
 q - 10 potions of curing {@q1}
Miscellaneous
 B - a lightning rod (4/4)
 L - a condenser vane
 M - a phial of floods
 S - a box of beasts
 T - a phantom mirror


   Skills:
 + Level 15.7 Fighting
 - Level 11.0(14.7) Axes
 + Level 15.6(16.9) Maces & Flails
 + Level 14.6 Armour
 + Level 14.5 Dodging
 + Level 12.1 Stealth
 + Level 6.0 Shields
 + Level 4.5 Evocations


You had 10 spell levels left.
You didn't know any spells.
Your spell library contained the following spells:

 Spells                   Type           Power      Damage    Failure   Level
 Necrotise                Necr           0%         1d4       100%        1
 Sandblast                Erth           0%         2d4       100%        1
 Blink                    Tloc           0%         N/A       100%        2
 Ensorcelled Hibernation  Hex/Ice        0%         N/A       100%        2
 Passwall                 Tmut/Erth      0%         N/A       100%        2
 Static Discharge         Conj/Air       0%         3-3/arc   100%        2
 Gell's Gravitas          Tloc           0%         N/A       100%        3
 Ignite Poison            Fire/Tmut/Pois 0%         N/A       100%        3
 Lesser Beckoning         Tloc           0%         N/A       100%        3
 Mephitic Cloud           Conj/Pois/Air  0%         N/A       100%        3
 Ozocubu's Armour         Ice            0%         N/A       100%        3
 Spider Form              Tmut/Pois      0%         N/A       100%        3
 Stone Arrow              Conj/Erth      0%         3d7       100%        3
 Teleport Other           Tloc           0%         N/A       100%        3
 Vampiric Draining        Necr           0%         2d6       100%        3
 Animate Dead             Necr           0%         N/A       100%        4
 Petrify                  Tmut/Erth      0%         N/A       100%        4
 Summon Lightning Spire   Summ/Air       0%         N/A       100%        4
 Agony                    Necr           0%         N/A       100%        5
 Alistair's Intoxication  Tmut/Pois      0%         N/A       100%        5
 Fireball                 Conj/Fire      0%         3d3       100%        5
 Freezing Cloud           Conj/Ice/Air   0%         6-21      100%        5
 Manifold Assault         Tloc           0%         N/A       100%        5
 Metabolic Englaciation   Hex/Ice        0%         N/A       100%        5
 Dispersal                Tloc           0%         N/A       100%        6
 Simulacrum               Ice/Necr       0%         N/A       100%        6
 Haunt                    Necr/Summ      0%         N/A       100%        7
 Spellforged Servitor     Conj/Summ      0%         N/A       100%        7
 Storm Form               Tmut/Air       0%         N/A       100%        7
 Disjunction              Tloc           0%         N/A       100%        8
 Infestation              Necr           0%         N/A       100%        8
 Shatter                  Erth           0%         3d5*      100%        9


Dungeon Overview and Level Annotations

Branches:
Dungeon (1/1)

Altars:
Ashenzari
Cheibriados
Dithmenos
Elyvilon
Fedhas
Gozag
Hepliaklqana
Kikubaaqudgha
Makhleb
Nemelex Xobeh
Okawaru
Qazlal
Ru
Sif Muna
Trog
Uskayaw
Vehumet
Wu Jian
Xom
Yredelemnul
Zin
The Shining One
Jiyva
Lugonu


Innate Abilities, Weirdness & Mutations

You have a pair of horns on your head.
You reflexively headbutt those who attack you in melee.


Message History

The storm dragon completely resists.
The bolt of lightning hits you. You resist.
* * * LOW HITPOINT WARNING * * *
The spriggan air mage waves its arms in wide circles.
The air twists around and strikes you.
* * * LOW HITPOINT WARNING * * *
The spriggan air mage barely misses your ynoxinul.
Your ufetubus hits the spriggan air mage.
Your ufetubus barely misses the spriggan air mage.
You take 23 damage, and have 5/114 hp.
MASSIVE DAMAGE!!
You swap places.
You lunge at the spriggan air mage.
You slice the spriggan air mage!!
Your headbutt misses the spriggan air mage.
The spriggan air mage is heavily wounded.
You spin and attack the storm dragon.
You hit the storm dragon but do no damage.
You open a gate to Pandemonium!
A demon appears!
Your headbutt misses the storm dragon.
The storm dragon is almost dead.
Visions of slaying the spriggan air mage flood into your mind.
Your ufetubus barely misses the spriggan air mage.
Your ufetubus hits the spriggan air mage.
The wind drake exhales a fierce blast of wind!
You are blown backwards!
The monsters around you are blown away!
Your ynoxinul misses the spriggan air mage.
The storm dragon bites your soul eater!!
Your soul eater dies!
Your soul eater disappears in a puff of smoke!
Your ufetubus completely misses the spriggan air mage.
Your ufetubus closely misses the spriggan air mage.
You lunge at the storm dragon.
You slice the storm dragon!!
You kill the storm dragon!
The Council accepts your kill.
The storm dragon scales are intact enough to wear.
You slash the spriggan air mage!
You spin to attack the spriggan air mage, but your attack speed is too slow for a blow to land.
The spriggan air mage waves its arms in wide circles.
The air twists around and strikes you!
You die...

▓..|}.).|.▓..:...:..▓
▓..}":[}..▓..})..}..▓
▓.........▓.........▓
▓.........▓.........▓
▓.........▓.........▓
▓.3...k...▓.........▓
▓i.▓.[.▓..▓...)))...▓
▓.▓i5..i▓.▓.▓.†.).▓.▓
▓...@©3i5.▓...)©....▓
▓▓▓▓▓▓▓▓▓▓▓▓▓▓▓▓▓▓▓▓▓


You could see a wind drake (repels missiles, catching breath), 4 spriggan air
magi, 2 friendly ynoxinuls and 2 friendly ufetubi.

Vanquished Creatures
  2 storm dragons (D)
  A yellow draconian (D)
  3 spriggan air magi (D)
  2 naga warriors (D)
  A wolf spider (D)
  2 draconians (D)
  2 black mambas (D)
  A rust devil (D)
  2 naga magi (D)
  2 yaktaurs (D)
  A red devil (D)
  2 slime creatures (D)
  2 spriggans (D)
  Sigmund (D)
  4 air elementals (D)
  A neqoxec (D)
  3 nagas (D)
  A floating eye (D)
  3 water moccasins (D)
  A black bear (D)
  2 centaurs (D)
  Blork the orc (D)
  A bullfrog (D)
  2 scorpions (D)
  Crazy Yiuf (D)
  An iron imp (D)
  Jessica (D)
  4 adders (D)
  A white imp (D)
  A ball python (D)
  An endoplasm (D)
  A jackal (D)
54 creatures vanquished.

Vanquished Creatures (collateral kills)
  A green draconian (D)
  A naga warrior (D)
  A wolf spider (D)
  A guardian serpent (D)
  2 draconians (D)
  An orange demon (D)
  A hellwing (D)
  A black bear (D)
  A centaur (D)
  3 wolves (D)
  2 scorpions (D)
  A white imp (D)
16 creatures vanquished.

Grand Total: 70 creatures vanquished

Notes
Turn   | Place    | Note
-------+----------+-------------------------------------------
     0 | D        | Ofeo the Minotaur Monk began the quest for the Orb.
     0 | D        | Reached XP level 1. HP: 19/19 MP: 0/0
     0 | D        | Found a shimmering blue altar of Sif Muna.
     0 | D        | Found a sacrificial altar of Ru.
     0 | D        | Found a bloodstained altar of Trog.
     0 | D        | Found a stormy altar of Qazlal.
     0 | D        | Found an iron altar of Okawaru.
     0 | D        | Found a sparkling altar of Nemelex Xobeh.
     0 | D        | Found a blossoming altar of Fedhas.
     0 | D        | Found the +6 Majin-Bo {vamp, MP+6 Int+6}
     0 | D        | Found the +9 heavy crossbow "Sniper" {vorpal, Acc+∞ SInv}
     0 | D        | Found the +10 dark maul {vorpal}
     0 | D        | Found the +15 Maxwell's patent armour {-Cast -Tele rElec
                  | Will+ rCorr}
     0 | D        | Found the +18 shield of the Gong {rElec rN+ Will+ EV-5}
     0 | D        | Found the +14 obsidian axe {vorpal, Mesm Drain Fly SInv}
     0 | D        | Found the +7 great mace "Firestarter" {inner flame, rF++}
     0 | D        | Found the +6 shillelagh "Devastator" {shatter}
     0 | D        | Found the +11 plutonium sword {Contam Stlth-}
     0 | D        | Found the +8 lance "Wyrmbane" {slay drac, rPois rF+ rC+
                  | AC+3}
     0 | D        | Found the +9 sword of Zonguldrok {reap}
     0 | D        | Found the +13 scythe of Curses {drain, Drain}
     0 | D        | Found the +5 sword of Power {vorpal}
     0 | D        | Found the +7 mace of Variability {chain chaos}
     0 | D        | Found the +7 Singing Sword {vorpal, sonic wave}
     0 | D        | Found the +8 storm bow {elec, penet}
     2 | D        | Found a transporter.
     2 | D        | Found an ancient bone altar of Kikubaaqudgha.
     2 | D        | Found a viscous altar of Jiyva.
     2 | D        | Found a corrupted altar of Lugonu.
     2 | D        | Found a hazy altar of Hepliaklqana.
     2 | D        | Found a burning altar of Makhleb.
     2 | D        | Found an opulent altar of Gozag.
    77 | D        | Became a worshipper of the Wu Jian Council
    77 | D        | Reached * piety under Wu Jian
    77 | D        | Reached ** piety under Wu Jian
    92 | D        | Entered arena 2.
    92 | D        | Found the +9 scales of the Dragon King {rPois rF+ rC+
                  | Will+}
    92 | D        | Noticed a bullfrog
    92 | D        | Found a transporter.
    93 | D        | Killed a bullfrog
    94 | D        | Reached skill level 5 in Fighting
    94 | D        | Reached skill level 5 in Maces & Flails
    94 | D        | Reached skill level 5 in Dodging
    94 | D        | Reached XP level 2. HP: 30/30 MP: 1/1
    94 | D        | Reached XP level 3. HP: 37/37 MP: 2/2
   118 | D        | Entered arena 3.
   118 | D        | Noticed an air elemental
   118 | D        | Noticed an air elemental
   118 | D        | Noticed an air elemental
   118 | D        | Found a transporter.
   118 | D        | Paralysed by an air elemental for 1 turns
   119 | D        | Reached XP level 4. HP: 41/44 MP: 3/3
   120 | D        | Paralysed by an air elemental for 1 turns
   122 | D        | Killed an air elemental
   123 | D        | Reached XP level 5. HP: 28/52 MP: 4/4
   123 | D        | Reached XP level 6. HP: 33/60 MP: 5/5
   125 | D        | Killed an air elemental
   125 | D        | Reached *** piety under Wu Jian
   126 | D        | Reached skill level 5 in Stealth
   127 | D        | Killed an air elemental
   128 | D        | Reached skill level 5 in Armour
   128 | D        | Reached XP level 7. HP: 25/68 MP: 6/6
   135 | D        | Got the Folio of Maleficent Magic and the Stinger
   355 | D        | Entered arena 4.
   355 | D        | Noticed a slime creature
   355 | D        | Noticed a slime creature
   355 | D        | Found a transporter.
   360 | D        | Killed a slime creature
   360 | D        | Reached **** piety under Wu Jian
   360 | D        | Killed a slime creature
   361 | D        | Reached XP level 8. HP: 61/78 MP: 7/7
   372 | D        | Entered arena 5.
   372 | D        | Noticed Sigmund
   372 | D        | Noticed Jessica
   372 | D        | Noticed Blork the orc
   372 | D        | Noticed Crazy Yiuf
   372 | D        | Found a transporter.
   374 | D        | Killed Crazy Yiuf
   376 | D        | Killed Jessica
   377 | D        | Killed Blork the orc
   378 | D        | Killed Sigmund
   378 | D        | Reached ***** piety under Wu Jian
   550 | D        | Entered arena 6.
   550 | D        | Noticed a yaktaur
   550 | D        | Noticed a yaktaur
   550 | D        | Found a transporter.
   553 | D        | Reached skill level 10 in Fighting
   553 | D        | Reached skill level 10 in Maces & Flails
   554 | D        | Killed a yaktaur
   557 | D        | Killed a yaktaur
   558 | D        | Reached XP level 9. HP: 77/86 MP: 8/8
   559 | D        | Reached skill level 10 in Dodging
   561 | D        | Got the Almanac of the Commander and the Geologist
   576 | D        | Entered arena 7.
   576 | D        | Noticed a wolf spider
   576 | D        | Noticed a wolf spider
   577 | D        | Found a transporter.
   581 | D        | Killed a wolf spider
   582 | D        | Killed a wolf spider
   583 | D        | Reached skill level 10 in Armour
   583 | D        | Reached ****** piety under Wu Jian
   590 | D        | Got the Lectures on Bolts and Firn
   599 | D        | Entered arena 8.
   599 | D        | Noticed a draconian
   599 | D        | Noticed a draconian
   599 | D        | Noticed a draconian
   599 | D        | Noticed a draconian
   599 | D        | Noticed a green draconian
   599 | D        | Noticed a yellow draconian
   600 | D        | Found a transporter.
   602 | D        | Killed a green draconian
   604 | D        | Killed a yellow draconian
   605 | D        | Reached XP level 10. HP: 90/100 MP: 9/9
   605 | D        | Killed a draconian
   607 | D        | Killed a draconian
   607 | D        | Killed a draconian
   608 | D        | Reached skill level 10 in Stealth
   608 | D        | Killed a draconian
   624 | D        | Got the +4 spear of the Shoals {vorpal, Fly rElec rF-}
   644 | D        | Entered arena 9.
   645 | D        | Found a transporter.
   670 | D        | Entered arena 10.
   670 | D        | Noticed a rust devil
   670 | D        | Noticed an orange demon
   671 | D        | Found a transporter.
   674 | D        | Killed an orange demon
   676 | D        | Killed a rust devil
   681 | D        | Reached XP level 11. HP: 82/110 MP: 10/10
   693 | D        | Got the amulet "Ponenwywn" {Reflect rF+ SH+5}
   983 | D        | Entered arena 11.
   984 | D        | Found a transporter.
   998 | D        | Got the ring of the Lobster {Ice Str+4}
  1011 | D        | Entered arena 12.
  1011 | D        | Noticed a naga warrior
  1011 | D        | Noticed a naga warrior
  1012 | D        | Noticed a naga warrior
  1015 | D        | Reached skill level 1 in Shields
  1016 | D        | Reached skill level 1 in Evocations
  1018 | D        | Killed a naga warrior
  1019 | D        | Killed a naga warrior
  1020 | D        | Reached skill level 15 in Fighting
  1020 | D        | Reached skill level 15 in Maces & Flails
  1021 | D        | Killed a naga warrior
  1022 | D        | Found a transporter.
  1217 | D        | Entered arena 13.
  1217 | D        | Noticed a spriggan air mage
  1217 | D        | Noticed a spriggan air mage
  1217 | D        | Noticed a spriggan air mage
  1217 | D        | Noticed a spriggan air mage
  1217 | D        | Noticed a storm dragon
  1218 | D        | Noticed a storm dragon
  1218 | D        | Noticed a spriggan air mage
  1218 | D        | Identified the +8 morningstar of Equilibrium {chaos, rElec
                  | rPois rF+++ Dex-2}
  1218 | D        | Noticed a spriggan air mage
  1218 | D        | Paralysed by an air elemental for 1 turns
  1219 | D        | Identified the ring "Ulijys" {rF+ rC+ Will- Dex+2}
  1219 | D        | Noticed a spriggan air mage
  1223 | D        | Killed a spriggan air mage
  1228 | D        | Killed a spriggan air mage
  1228 | D        | Reached skill level 5 in Shields
  1228 | D        | Killed a storm dragon
  1230 | D        | Killed a spriggan air mage
  1231 | D        | HP: 5/114 [spriggan air mage/the air (5)]
  1233 | D        | Killed a storm dragon
  1233 | D        | Killed from afar by a spriggan air mage

Illustrated notes

Levels and vault maps discovered:
D:        sprint_v [room_start, room_1, room_2, room_3, room_4, room_5, room_6,
          room_7, room_8, room_9, room_10, room_11, room_12, room_13, room_14,
          room_15, room_16, room_17, room_18, room_19, room_20, room_21,
          room_22, room_23, room_24, room_25, room_26, room_27]

Skill      XL: |  1  2  3  4  5  6  7  8  9 10 11 |
---------------+----------------------------------+-----
Fighting       | 5 7 8 9 10 12 14 15 | 15.7
Maces & Flails | 5 7 8 9 10 12 14 15 | 15.6
Dodging        | 5 6 7 8 9 11 13 14 | 14.5
Stealth        | 3 4 5 6 7 9 10 12 | 12.1
Axes           | 11 | 11.0
Armour         | 3 5 7 9 11 13 14 | 14.6
Shields        | 6 |  6.0
Evocations     | 4 |  4.5

Action                   |  1- 3 |  4- 6 |  7- 9 | 10-12 || total
-------------------------+-------+-------+-------+-------++-------
Melee: Broad axe         |     7 |     6 |    27 |    52 ||    92
       Headbutt          |       |       |     6 |    10 ||    16
Invok: Whirlwind         |       |       |     2 |    13 ||    15
       Lunge             |       |       |     3 |     7 ||    10
       Serpent's Lash    |       |       |     1 |     1 ||     2
  Use: Potion            |     1 |     2 |       |     5 ||     8
       Scroll            |       |       |       |     2 ||     2
Armor: Gold dragon scale |     5 |     6 |    21 |    36 ||    68
Dodge: Dodged            |       |       |       |     2 ||     2
Block: Kite shield       |    11 |    14 |    34 |    71 ||   130
       Reflection        |       |       |       |     4 ||     4
